 Dungeon Crawl Stone Soup version 0.30-a0-718-geaa24f58ff (webtiles) character file.

Game seed: 16292836044826990331

86 Leeroy the Slasher (level 4, -1/26 HPs)
             Began as a Tengu Warper on Jan 25, 2023.
             Slain by an ogre
             ... wielding a +0 giant spiked club
              (27 damage)
             ... on level 2 of the Dungeon.
             The game lasted 00:02:47 (1212 turns).

Leeroy the Slasher (Tengu Warper)                   Turns: 1212, Time: 00:02:48

Health: -1/26      AC: 13    Str: 11    XL:     4   Next: 50%
Magic:  8/8        EV: 10    Int: 10    God:
Gold:   86         SH:  0    Dex: 15    Spells: 7/7 levels left

rFire   . . .      SeeInvis .    q - +2 dagger (venom)
rCold   . . .      Faith    .    (no shield)
rNeg    . . .      Spirit   .    p - +5 ring mail of Teirph {Rampage Regen+ Int-4 Slay+5}
rPois   .          Reflect  .    (helmet restricted)
rElec   .          Harm     .    (no cloak)
rCorr   .          Rampage  +    f - +2 pair of gloves
Will    .....                    (boots unavailable)
Stlth   +                        (no amulet)
HPRegen 1.04/turn                (no ring)
MPRegen 0.11/turn                (no ring)

@: no status effects
A: beak, talons 3
a: no special abilities


You were on level 2 of the Dungeon.
You visited 1 branch of the dungeon, and saw 2 of its levels.

You collected 86 gold pieces.

Inventory:

Hand Weapons
 a - a +0 falchion
 q - a +2 dagger of venom (weapon)
Missiles
 d - 7 boomerangs of dispersal (quivered)
 g - 10 boomerangs
 o - 2 poisoned darts
Armour
 b - a +0 leather armour
 f - a +2 pair of gloves (worn)
 p - the +5 ring mail of Teirph (worn) {Rampage Regen+ Int-4 Slay+5}
   (You found it on level 2 of the Dungeon)

   Int:       It affects your intelligence (-4).
   Slay:      It affects your accuracy & damage with ranged weapons and melee
   (+5).
   Regen:     It increases your rate of health regeneration.
   Rampage:   It bestows one free step when moving towards enemies.
Magical Staves
 n - a staff of fire
Scrolls
 c - 2 scrolls of blinking
 e - a scroll of poison {unknown}
 h - 2 scrolls of identify {unknown}
 l - a scroll of fog {unknown}
Potions
 i - 2 potions of might {unknown}
 j - 2 potions of brilliance {unknown}
 k - a potion of degeneration {unknown}
 m - a potion of flight {unknown}


   Skills:
 - Level 2.0 Fighting
 + Level 5.1 Long Blades
 - Level 1.0 Throwing
 - Level 1.1 Armour
 - Level 2.1 Dodging
 - Level 2.0 Spellcasting
 - Level 2.4 Translocations


You had 7 spell levels left.
You didn't know any spells.
Your spell library contained the following spells:

 Spells                   Type           Power      Damage    Failure   Level
 Blink                    Tloc           10%        N/A       38%         2
 Lesser Beckoning         Tloc           10%        N/A       38%         2
 Teleport Other           Tloc           5%         N/A       63%         3
 Vhi's Electric Charge    Tloc/Air       6%         N/A       80%         3
 Manifold Assault         Tloc           5%         N/A       95%         4


Dungeon Overview and Level Annotations

Branches:
Dungeon (2/15)

Altars:

Shops:
D:1 ?

Annotations:
D:2 Terence


Innate Abilities, Weirdness & Mutations

You have a beak for a mouth.
You have claws for feet.


Message History

No target in view!
No target in view!
No target in view!
No target in view!
No target in view!
No target in view!
No target in view!
No target in view!
No target in view!
A bat comes into view.
Found a glowing dagger.
A bat is nearby!
The bat hits you but does no damage.
You slash the bat!
You kill the bat!
No target in view!
No target in view!
No target in view!
No target in view!
An ogre comes into view. It is wielding a +0 giant spiked club.
Found 7 gold pieces.
You see here a +2 dagger of venom.
q - a +2 dagger of venom The ogre attacks as you move away!
The ogre hits you with a +0 giant spiked club!!
Ouch! That really hurt!
A goblin comes into view. It is wielding a +0 dagger.
The goblin shouts!
Terence the Incautious comes into view.
He is wielding a +0 flail.
Terence shouts!
The goblin unwields a +0 dagger.
The goblin wields a +0 sling.
The goblin shoots a sling bullet.
The sling bullet hits you but does no damage.
The goblin shoots a sling bullet.
The sling bullet hits you.
Your +2 dagger of venom begins to drip with poison!
q - a +2 dagger of venom (weapon)
The ogre attacks as you move away!
The ogre hits you with a +0 giant spiked club!!
Ouch! That really hurt!
You die...

#..........# #.# ##.###.
#.......#### #.# #..###
#.......# #.# #.....
#######.# #.# #.#### #.##
#.# #.##.. #..# #<##
#..#.# ######.#### #..#
##...#
#...)..<..######.#####....
#........@O...g.@.........
#.........######..<.##..#.
#######........####.##.##.
#####.#####.# #....# .
#.....# #.####..### .
#.(...# #.#.....#
#.....#####...##.##
#.........†..###.######
#.....####.............


You could see an ogre, Terence and a goblin.

Vanquished Creatures
  Natasha (D:2)
  2 adders (D:2)
  A dart slug (D:1)
  4 endoplasms (D:1)
  2 giant cockroaches (D:1)
  4 goblins (D:1)
  4 hobgoblins
  2 jackals (D:1)
  A quokka (D:1)
  7 ball pythons
  3 bats (D:2)
  3 frilled lizards (D:1)
  3 kobolds
  2 rats
  2 butterflies (D:1)
41 creatures vanquished.

Vanquished Creatures (others)
  A fungus (D:1)
1 creature vanquished.

Grand Total: 42 creatures vanquished

Notes
Turn   | Place    | Note
-------+----------+-------------------------------------------
     0 | D:1      | Leeroy the Tengu Warper began the quest for the Orb.
     0 | D:1      | Reached XP level 1. HP: 12/12 MP: 4/4
   146 | D:1      | Reached skill level 3 in Long Blades
   146 | D:1      | Reached XP level 2. HP: 15/17 MP: 6/6
   249 | D:1      | Found Bownoara's Magic Scroll Shop.
   608 | D:1      | Reached XP level 3. HP: 21/21 MP: 7/7
   706 | D:1      | Reached skill level 4 in Long Blades
  1059 | D:2      | Reached XP level 4. HP: 26/26 MP: 8/8
  1078 | D:2      | Identified the +5 ring mail of Teirph {Rampage Regen+ Int-4
                  | Slay+5}
  1164 | D:2      | Noticed Natasha
  1169 | D:2      | Killed Natasha
  1170 | D:2      | Reached skill level 5 in Long Blades
  1176 | D:2      | Noticed an ogre
  1196 | D:2      | Noticed Terence
  1212 | D:2      | Slain by an ogre

Illustrated notes

Levels and vault maps discovered:
D:1:      spicycebolla_arrival_clurvy, layout_basic, serial_shops,
          nicolae_shop_advertising_works [nicolae_subvault_shop_adworks],
          minmay_cut_off
D:2:      layout_rooms, minmay_vboxes, uniq_natasha, uniq_jessica, uniq_terence

Skill      XL: |  1  2  3  4 |
---------------+-------------+-----
Long Blades    | 3 4 5 |  5.1
Fighting       | |  2.0
Throwing       | |  1.0
Armour         | |  1.1
Dodging        | |  2.1
Spellcasting   | |  2.0
Translocations | |  2.4

Action                     |  1- 3 |  4- 6 || total
---------------------------+-------+-------++-------
  Melee: Falchion          |    80 |     5 ||    85
         Kick              |    19 |       ||    19
         Peck              |     5 |     1 ||     6
   Stab: Sleeping          |     2 |       ||     2
 Armour: Leather armour    |    34 |       ||    34
         Ring mail         |       |     2 ||     2
  Dodge: Dodged            |    43 |       ||    43

Table legend: (Time is in decaauts)
 A = Elapsed time spent in this place.
 B = Non-inter-level travel time spent in this place.
 C = Inter-level travel time spent in this place.
 D = Time resting spent in this place.
 E = Time spent auto-exploring this place.
 F = Levels seen in this place.
 G = Mean time per level.
                   A        B        C        D        E       F      G
               +--------+--------+--------+--------+--------+-----+--------+
         Total |   1221 |   1145 |     76 |      0 |    857 |   2 |  610.5 |
       Dungeon |   1221 |   1145 |     76 |      0 |    857 |   2 |  610.5 |
               +--------+--------+--------+--------+--------+-----+--------+

Top non-repeatable levels by time:
     D:1: 925 daAuts
     D:2: 296 daAuts
